[Event "Early-Titled-Tuesday-Blitz-September-26-2023"]
[Site "Chess.com"]
[Date "2023.09.26"]
[Round "3"]
[White "SaqoChess_Twitch"]
[Black "slorovel"]
[Result "1-0"]
[WhiteElo "2678"]
[BlackElo "2467"]
[TimeControl "180+1"]
[EndTime "8:28:12 PDT"]
[Termination "SaqoChess_Twitch won by checkmate"]

1. d4 Nf6 2. c4 e6 3. Nc3 d5 4. cxd5 exd5 5. Bg5 Be7 6. e3 O-O 7. Bd3 c6 8. Qc2 h6 9. Bf4 Re8 10. Nf3 Nbd7 11. O-O Nf8 12. Rab1 a5 13. a3 Ne6 14. Be5 Bd6 15. b4 Ng4 16. Bxd6 Qxd6 17. h3 Nf6 18.
Ne5 Ng5 19. f4 Nge4 20. Nxe4 dxe4 21. Bc4 Be6 22. b5 Qxa3 23. Rb3 Qd6 24. bxc6 bxc6 25. Bxe6 Rxe6 26. Rc3 Nd5 27. Rxc6 Nxe3 28. Qc3 Nd5 29. Qb3 Rb8 30. Rxd6 Rxb3 31. Rxd5 a4 32. Rd8+ Kh7 33. Nxf7 Rf6 34. Rh8+ Kg6 35. Ne5+ Kh5 36. Ra8 a3 37. Ra5 Kh4 38. Kh2 g5 39. f5 g4 40.
Nxg4 Rf8 41. f6 e3 42. Rff5 e2 43. Rh5# 1-0

[Event "Early-Titled-Tuesday-Blitz-September-26-2023"]
[Site "Chess.com"]
[Date "2023.09.26"]
[Round "3"]
[White "IngOscarArdila"]
[Black "nicholas_ilic"]
[Result "1-0"]
[WhiteElo "2387"]
[BlackElo "2196"]
[TimeControl "180+1"]
[EndTime "8:28:12 PDT"]
[Termination "IngOscarArdila won on time"]

1. d4 Nf6 2. c4 e6 3. Nc3 Bb4 4. Bd2 c5 5. Nf3 Bxc3 6. Bxc3 Ne4 7. Rc1 Nxc3 8. Rxc3 cxd4 9. Qxd4 Nc6 10. Qxg7 Rf8 11. e3 b6 12. Be2 Bb7 13. O-O Qc7 14. Qf6 Ne7 15. Rd1 Rg8 16. g3 Rg6 17. Qe5 Qc6 18. Qd6 Qxd6 19. Rxd6 Nf5 20. Rd2 d6 21. b4 Rc8 22.
Kf1 Ke7 23. Ke1 h5 24. h4 Rh6 25. Nd4 Nxd4 26. Rxd4 e5 27. Rd2 f5 28. a4 f4 29.
exf4 exf4 30. Rd4 fxg3 31. fxg3 Re6 32. Kf2 Re5 33. Rf4 Ke6 34. Re3 Rxe3 35. Kxe3 d5 36.
Bxh5 dxc4 37. Bf7+ Ke5 38. Bxc4 Rd8 39. h5 Rd1 40. h6 Rh1 41. Rh4 Rxh4 42. gxh4 Kf6 43.
h7 Kg7 44. Bd3 Bc6 45. a5 bxa5 46. bxa5 Bb7 47. Kd4 Bc8 48. Kc5 Bb7 49. Kd6 Bf3 50. Kc7 a6 51. Kb6 1-0

[Event "Early-Titled-Tuesday-Blitz-September-26-2023"]
[Site "Chess.com"]
[Date "2023.09.26"]
[Round "3"]
[White "mapleaff"]
[Black "DTChess"]
[Result "0-1"]
[WhiteElo "2342"]
[BlackElo "2594"]
[TimeControl "180+1"]
[EndTime "8:28:13 PDT"]
[Termination "DTChess won on time"]

1. e4 e5 2. Nf3 Nc6 3. Bb5 a6 4.
Ba4 Nf6 5. O-O b5 6. Bb3 Be7 7. d3 O-O 8. Nc3 d6 9. a3 Na5 10. Ba2 c5 11. Nd5 Bb7 12. c4 Nxd5 13. cxd5 Bc8 14.
Be3 Nb7 15. h3 f5 16. exf5 Rxf5 17. b4 cxb4 18. axb4 Bd7 19. Rc1 h6 20. Qe2 Rf7 21.
d4 e4 22. Nd2 Bf5 23. Bb1 Bg5 24. Nxe4 Bxe3 25. fxe3 Qe7 26. Ng3 Bxb1 27. Rxb1 Rxf1+ 28. Rxf1 Rf8 29. Nf5 Qf6 30. e4 Kh7 31. e5 dxe5 32.
dxe5 Qg5 33. Qd3 g6 34. Ng3 Rxf1+ 35. Nxf1 Qxe5 36. Ne3 Nd6 37. Ng4 Qe1+ 38. Qf1 Qe7 39. Qf4 Nf5 40. Qb8 h5 41. Nh2 Qe3+ 42. Kf1 Ng3+ 0-1

[Event "Early-Titled-Tuesday-Blitz-September-26-2023"]
[Site "Chess.com"]
[Date "2023.09.26"]
[Round "3"]
[White "pankajfm"]
[Black "pirulillo"]
[Result "1/2-1/2"]
[WhiteElo "2101"]
[BlackElo "2356"]
[TimeControl "180+1"]
[EndTime "8:28:13 PDT"]
[Termination "Game drawn by repetition"]

1. d4 Nf6 2. Nc3 g6 3. e4 d5 4. e5 Ne4 5. Bd3 Nxc3 6. bxc3 Bg7 7. f4 c5 8. Nf3 Qa5 9. Bd2 c4 10. Be2 Bf5 11. O-O Qa4 12. Ne1 e6 13. g4 Be4 14.
Bf3 Nc6 15. Bxe4 dxe4 16. Qe2 Ne7 17. Qxe4 Nd5 18. f5 gxf5 19. gxf5 O-O-O 20. fxe6 fxe6 21. Qg4 Qd7 22. Qe2 Qc6 23. Kh1 Rdf8 24. Ng2 Rhg8 25. Rxf8+ Bxf8 26. Rg1 b5 27. Qf3 Be7 28. Nf4 Rf8 29.
Nxd5 exd5 30. Qh3+ Kb8 31. Qxh7 Qe6 32. Bg5 Rf7 33. Qg8+ Kb7 34. Bxe7 Qxe7 35. Qg5 Qe6 36. Qg6 Qe7 37. Qg5 Qe6 38. Qg6 Qe7 39. Qg5 1/2-1/2

[Event "Early-Titled-Tuesday-Blitz-September-26-2023"]
[Site "Chess.com"]
[Date "2023.09.26"]
[Round "3"]
[White "ChessQueen"]
[Black "Eloist"]
[Result "1-0"]
[WhiteElo "2736"]
[BlackElo "2492"]
[TimeControl "180+1"]
[EndTime "8:28:14 PDT"]
[Termination "ChessQueen won on time"]

1. d4 e6 2. e4 d5 3. exd5 exd5 4. Nf3 Bf5 5. Bd3 Bxd3 6. Qxd3 Nc6 7. O-O Bd6 8. Qb5 a6 9. Qb3 Nge7 10. Bg5 f6 11.
Bh4 O-O 12. c3 Qd7 13. Nbd2 b5 14. Rfe1 Na5 15. Qc2 Nc4 16. a4 Qf5 17. Qc1 Ng6 18. Bg3 Nf4 19. Nxc4 bxc4 20. Bxf4 Bxf4 21. Qd1 Rfe8 22.
b3 Rxe1+ 23. Nxe1 cxb3 24. Qxb3 Re8 25. Nf3 c6 26. c4 Qe6 27. cxd5 Qxd5 28. Qc2 Rb8 29.
Re1 g6 30. h4 Kf7 31. h5 Qb3 32. Qxc6 Qb7 33. Qe6+ Kg7 34. d5 Qf7 35. Qe4 Bd6 36.
Nd4 Rb4 37. Ne6+ Kg8 38. Qc2 Qb7 39. hxg6 Rb2 40. gxh7+ Kh8 41. Qg6 1-0

[Event "Early-Titled-Tuesday-Blitz-September-26-2023"]
[Site "Chess.com"]
[Date "2023.09.26"]
[Round "3"]
[White "Alexei_Gubajdullin"]
[Black "kuanysh1981"]
[Result "0-1"]
[WhiteElo "2713"]
[BlackElo "2507"]
[TimeControl "180+1"]
[EndTime "8:28:14 PDT"]
[Termination "kuanysh1981 won on time"]

1. d4 Nf6 2. Nf3 e6 3. Bf4 d5 4.
e3 Be7 5. Nbd2 Nh5 6. Be5 Nd7 7.
Bd3 Nxe5 8. dxe5 g6 9. g4 Ng7 10. h3 c5 11. c4 a6 12. Qc2 Bd7 13. O-O-O b5 14. cxd5 exd5 15. Kb1 Ne6 16. h4 Qb6 17.
h5 O-O-O 18. Ka1 Kb8 19. Nb1 Bc6 20. Be2 d4 21. exd4 Nxd4 22. Nxd4 Bxh1 23. Nf3 Bg2 24.
Rg1 Bxf3 25. Bxf3 Rd4 26. Re1 Rhd8 27. e6 Rf8 28. exf7 Rxf7 29. Qe2 Qd6 30. hxg6 hxg6 31. Nc3 c4 32. Bh1 b4 33. Ne4 Qe5 34. Qe3 Rf4 35.
Qe2 Bf6 36. f3 c3 37. bxc3 bxc3 38. Rb1+ Ka7 39. Qc2 Rfxe4 40. fxe4 Rd2 0-1

[Event "Early-Titled-Tuesday-Blitz-September-26-2023"]
[Site "Chess.com"]
[Date "2023.09.26"]
[Round "3"]
[White "schack_vit"]
[Black "halfnatty"]
[Result "1-0"]
[WhiteElo "2455"]
[BlackElo "2531"]
[TimeControl "180+1"]
[EndTime "8:28:15 PDT"]
[Termination "schack_vit won by resignation"]

1. c4 c5 2. g3 Nc6 3. Bg2 g6 4. Nc3 Bg7 5. e3 e6 6. Nge2 Nge7 7. O-O O-O 8. d4 cxd4 9. Nxd4 d5 10. cxd5 exd5 11.
Qb3 Nxd4 12. exd4 Bxd4 13. Bh6 Bg7 14. Bxg7 Kxg7 15. Nxd5 Nxd5 16. Qxd5 Qf6 17. Qb3 Rb8 18. Rac1 Be6 19. Qa3 a6 20. b3 Rfd8 21. Rc7 Bd5 22. Qe7 Bxg2 23. Qxf6+ Kxf6 24. Kxg2 Rd2 25. a4 Rb2 26.
Rd1 Rxb3 27. Rdd7 Rf8 28. Rxb7 Rxb7 29. Rxb7 Re8 30. Kf3 Re5 31. Rb6+ Re6 32. a5 Ke5 33. Rxe6+ fxe6 34. g4 g5 35. Ke3 h6 36. h3 Kd5 37. f4 gxf4+ 38. Kxf4 Kd4 39. Kg3 e5 40. h4 Ke4 41. h5 Kd5 42. g5 Ke6 43. g6 Kf6 44. Kf3 1-0

[Event "Early-Titled-Tuesday-Blitz-September-26-2023"]
[Site "Chess.com"]
[Date "2023.09.26"]
[Round "3"]
[White "FoxOnTheRun97"]
[Black "Kopytkin"]
[Result "1-0"]
[WhiteElo "2556"]
[BlackElo "2350"]
[TimeControl "180+1"]
[EndTime "8:28:15 PDT"]
[Termination "FoxOnTheRun97 won on time"]

1. d4 c5 2. d5 e5 3. e4 d6 4. Nc3 Nd7 5. Nge2 g6 6. g4 Be7 7. Ng3 Bg5 8. Nb5 Be7 9. a4 a6 10. Na3 Rb8 11. Be2 Ngf6 12. Bh6 Bf8 13. Qd2 Ng8 14. Be3 b6 15. O-O Ndf6 16. h3 h5 17. Kg2 hxg4 18. hxg4 Nxg4 19. Bxg4 Bxg4 20. Rh1 Rxh1 21. Rxh1 Qf6 22. f4 exf4 23. Bxf4 Kd7 24. Nc4 g5 25. Bxg5 Qf3+ 26. Kh2 Be7 27. Rf1 Nf6 28.
Rxf3 Bxf3 29. Bxf6 Bxf6 30. Qf4 Rh8+ 31. Kg1 Bd4+ 32. Kf1 Rh2 33. Qxf7+ Kd8 34. Qf8+ Kd7 35. Qxd6+ Kc8 36. Qc6+ Kb8 37. Qxb6+ Ka8 38. Qxa6+ Kb8 39.
Qd6+ Kb7 40. Na5+ Ka7 41. Nc6+ 1-0

[Event "Early-Titled-Tuesday-Blitz-September-26-2023"]
[Site "Chess.com"]
[Date "2023.09.26"]
[Round "3"]
[White "PawnEatingZombie"]
[Black "Antik5"]
[Result "0-1"]
[WhiteElo "2163"]
[BlackElo "2377"]
[TimeControl "180+1"]
[EndTime "8:28:15 PDT"]
[Termination "Antik5 won by resignation"]

1. e4 c5 2. c3 d5 3. exd5 Qxd5 4. d4 Nf6 5. Nf3 e6 6. Be2 Be7 7. O-O Nc6 8. dxc5 Bxc5 9. Qxd5 Nxd5 10. a3 Bd6 11.
Rd1 Ke7 12. Bf1 Rd8 13. Bg5+ f6 14. Bh4 Bc7 15. c4 Nb6 16. Rxd8 Bxd8 17. Nc3 Na5 18.
c5 Nb3 19. Rd1 Nxc5 20. b4 Nca4 21. Nb5 Bd7 22. Nd6 Rb8 23. Ne5 Nc3 24. Nxd7 Nxd1 25.
Nxb8 Kxd6 26. Bg3+ e5 27. f4 Bc7 28. fxe5+ fxe5 29. Na6 bxa6 30. Bxa6 Ne3 31. h3 Nf5 32. Bf2 e4 33.
Bb7 e3 34. Be1 Na4 35. g4 Nd4 36. Kg2 Nc2 37. Bg3+ Kd7 38. Be4 Bxg3 39. Bxc2 e2 0-1

[Event "Early-Titled-Tuesday-Blitz-September-26-2023"]
[Site "Chess.com"]
[Date "2023.09.26"]
[Round "3"]
[White "betta2004"]
[Black "pinguino120"]
[Result "1-0"]
[WhiteElo "2553"]
[BlackElo "2218"]
[TimeControl "180+1"]
[EndTime "8:28:16 PDT"]
[Termination "betta2004 won by resignation"]

1. d4 d5 2. Nc3 Nf6 3. Bf4 e6 4. Nb5 Na6 5. e3 c6 6. Nc3 Nc7 7. a3 Bd6 8. Nf3 O-O 9. Bd3 c5 10. Ne5 c4 11. Be2 Nd7 12. O-O Nxe5 13. dxe5 Bc5 14.
e4 b5 15. exd5 exd5 16. Bf3 Bb7 17. b4 Bb6 18. a4 a6 19. axb5 axb5 20. Qd2 Qd7 21.
Ne2 Ne6 22. c3 Rfd8 23. Be3 Bxe3 24. Qxe3 d4 25. Nxd4 Nxd4 26. cxd4 Bxf3 27. gxf3 h6 28. Rxa8 Rxa8 29. Rd1 Ra4 30. d5 Rxb4 31. Qc5 Rb3 32. d6 Rxf3 33. Qd5 Qg4+ 34. Kf1 Qh3+ 35. Ke1 Qxh2 36.
Qxf3 Qxe5+ 37. Qe3 Qf6 38. d7 Kh7 39. d8=Q 1-0

[Event "Early-Titled-Tuesday-Blitz-September-26-2023"]
[Site "Chess.com"]
[Date "2023.09.26"]
[Round "3"]
[White "Ditman2007"]
[Black "MITerryble"]
[Result "0-1"]
[WhiteElo "2675"]
[BlackElo "2943"]
[TimeControl "180+1"]
[EndTime "8:28:17 PDT"]
[Termination "MITerryble won on time"]

1. e4 e6 2. d4 d5 3. Bd3 dxe4 4. Bxe4 Nf6 5. Bf3 Nbd7 6. Ne2 e5 7. Nbc3 Bd6 8. O-O O-O 9. Bg5 Re8 10. Ne4 h6 11. Nxd6 cxd6 12. Bxf6 Nxf6 13. dxe5 dxe5 14. Nc3 Qb6 15. b3 e4 16. Be2 e3 17. f3 Bf5 18. Na4 Qc7 19. c4 Rad8 20. Qe1 Rd2 21. Nc3 Qe5 22. Rc1 a6 23. a4 Rb2 24. Qd1 Rd2 25.
Qe1 Red8 26. b4 Bd3 27. Bxd3 R8xd3 28. Ne2 Rb3 29. Rd1 Rbb2 30. Rxd2 exd2 31. Qd1 Qe3+ 32. Kh1 Rxb4 33. c5 Nd7 34. Ng3 Nxc5 35. Qc2 Qd3 36. Qd1 Nxa4 37. Ne4 Rxe4 38. fxe4 Nc3 39.
Qf3 Qxf3 40. gxf3 d1=Q 41. Rxd1 Nxd1 42. Kg2 a5 0-1

[Event "Early-Titled-Tuesday-Blitz-September-26-2023"]
[Site "Chess.com"]
[Date "2023.09.26"]
[Round "3"]
[White "ElenaPershina"]
[Black "PapiPapita"]
[Result "0-1"]
[WhiteElo "2309"]
[BlackElo "2588"]
[TimeControl "180+1"]
[EndTime "8:28:17 PDT"]
[Termination "PapiPapita won by resignation"]

1. d4 f5 2. g3 Nf6 3. Bg2 d6 4. Nf3 c6 5. O-O Qc7 6. b3 e5 7.
dxe5 dxe5 8. Bb2 e4 9. Nd4 Be7 10. f3 O-O 11. Nd2 Nd5 12. Nc4 b5 13. Nxb5 cxb5 14.
Qxd5+ Kh8 15. Ne5 Bb7 16. Qxb5 Bf6 17. fxe4 Nc6 18. Nc4 Nd4 19. Qa4 Bc6 20. Qb4 a5 21. Qd2 Rad8 22. Qe3 Nxc2 23. Qf2 Nxa1 24. Bxa1 Bxa1 25.
Rxa1 fxe4 26. Qe3 a4 27. Rc1 axb3 28. axb3 Qb8 29. Na5 Bd5 30. Rc3 Qb4 31. Qc5 Qxc5+ 32.
Rxc5 Ba8 33. b4 Rd1+ 0-1

[Event "Early-Titled-Tuesday-Blitz-September-26-2023"]
[Site "Chess.com"]
[Date "2023.09.26"]
[Round "3"]
[White "ShahMatKanal"]
[Black "baki83"]
[Result "0-1"]
[WhiteElo "2510"]
[BlackElo "2825"]
[TimeControl "180+1"]
[EndTime "8:28:18 PDT"]
[Termination "baki83 won on time"]

1. e4 e5 2. Nf3 Nc6 3. d4 exd4 4. Bc4 Nf6 5. O-O Nxe4 6. Nc3 Nxc3 7. bxc3 d5 8. Re1+ Be7 9. Bb5 O-O 10. cxd4 Bg4 11.
c3 h6 12. h3 Bh5 13. Bd3 Bd6 14. Rb1 Rb8 15. Be2 Bg6 16. Bd3 Qf6 17. a4 Bh5 18.
Be2 Rfe8 19. Be3 Bg6 20. Bd3 Bh5 21. Be2 a6 22. Qc2 Na5 23. Nh2 Bg6 24. Bd3 Bxd3 25. Qxd3 Nc4 26. Ng4 Qg6 27. Qxg6 fxg6 28. Kf1 h5 29.
Ne5 Bxe5 30. dxe5 Rxe5 31. Bf4 Rf5 32. Bxc7 Nd2+ 33. Ke2 Nxb1 34. Bxb8 Nxc3+ 35. Kd3 Nxa4 36. f3 Nc5+ 37. Kd4 Nd7 38. Bd6 Rf7 39. Rb1 Nf6 40.
Ke5 Kh7 41. Ke6 Kg8 0-1

[Event "Early-Titled-Tuesday-Blitz-September-26-2023"]
[Site "Chess.com"]
[Date "2023.09.26"]
[Round "3"]
[White "stratacticos"]
[Black "only_strong_moves"]
[Result "0-1"]
[WhiteElo "1782"]
[BlackElo "2529"]
[TimeControl "180+1"]
[EndTime "8:28:18 PDT"]
[Termination "only_strong_moves won on time"]

1. e4 e6 2. d4 d5 3. e5 c5 4. c3 Nc6 5. Nf3 Qb6 6. Bd3 Nh6 7. dxc5 Bxc5 8. O-O Ng4 9. Qe2 Bd7 10. b4 Be7 11.
Bf4 Nh6 12. Nbd2 Nf5 13. a4 h6 14. a5 Qd8 15. h3 g5 16. Bh2 h5 17. Bxf5 exf5 18.
Nd4 Nxd4 19. cxd4 Bxb4 20. Nb3 Be7 21. Rfc1 Be6 22. Nc5 g4 23. Qb5+ Kf8 24. Nxe6+ fxe6 25. hxg4 hxg4 26. Bg3 Bg5 27. Qxb7 Bxc1 28. Rxc1 Rb8 29. Qxa7 Rc8 30. Rb1 Qc7 0-1

[Event "Early-Titled-Tuesday-Blitz-September-26-2023"]
[Site "Chess.com"]
[Date "2023.09.26"]
[Round "3"]
[White "Ermito2020"]
[Black "Hrant_ChessMood"]
[Result "0-1"]
[WhiteElo "2669"]
[BlackElo "2919"]
[TimeControl "180+1"]
[EndTime "8:28:19 PDT"]
[Termination "Hrant_ChessMood won on time"]

1. e4 c5 2. Nf3 Nc6 3. Bb5 g6 4. Bxc6 dxc6 5. h3 Bg7 6. d3 Nf6 7. O-O Nd7 8. Nc3 O-O 9. Be3 h6 10. Qd2 Kh7 11. Nh2 e5 12. f4 exf4 13. Bxf4 Ne5 14.
Nf3 Nxf3+ 15. Rxf3 c4 16. Raf1 Be6 17. Kh1 Qb6 18. b3 cxd3 19. cxd3 Rad8 20. Qc2 Qc5 21. Rc1 Rd7 22. Na4 Qxc2 23. Rxc2 b6 24. Rxc6 Rfd8 25.
Rc7 Rxc7 26. Bxc7 Rc8 27. Bg3 b5 28. Bf2 bxa4 29. Bxa7 a3 30. d4 f5 31. exf5 Bxf5 32. Bc5 Re8 33. Bxa3 Bxd4 34. Bd6 Re1+ 35. Kh2 Re2 36. a4 Be4 37. Rg3 g5 38. Rg4 Kg6 39. h4 Kf5 40. Kh3 Re3+ 41. g3 Bg2+ 42. Kxg2 Kxg4 0-1

[Event "Early-Titled-Tuesday-Blitz-September-26-2023"]
[Site "Chess.com"]
[Date "2023.09.26"]
[Round "3"]
[White "GameOverBro"]
[Black "blitzo_vich"]
[Result "0-1"]
[WhiteElo "2420"]
[BlackElo "2623"]
[TimeControl "180+1"]
[EndTime "8:28:19 PDT"]
[Termination "blitzo_vich won on time"]

1. e4 c6 2. Nc3 d5 3. Nf3 Bg4 4. h3 Bxf3 5. Qxf3 Nf6 6. d3 Nbd7 7. g4 e6 8. g5 Ng8 9. h4 Bd6 10. h5 Ne7 11. Bh3 Ne5 12. Qg2 Qb6 13. f4 Nd7 14. a3 O-O-O 15. b4 Qd4 16. Bb2 Bxf4 17. Nd1 Qb6 18.
Bxg7 Rhg8 19. h6 Be5 20. c3 Bxg7 21. hxg7 Rxg7 22. Nf2 Ne5 23. O-O-O Qe3+ 24. Rd2 Nf3 25. Nd1 Qxd2+ 26. Qxd2 Nxd2 27. Kxd2 dxe4 28. d4 Rxg5 29. Bf1 h5 30. Ne3 f5 31. Nc4 Ng6 32. Ke3 Rg3+ 33.
Kd2 h4 34. Be2 e5 35. Bh5 Nf4 36. Rxh4 Rg2+ 37. Kc1 Nd3+ 38. Kb1 exd4 39. cxd4 Rxd4 40. Bf7 Rg7 41. Be6+ Kc7 42. Rh8 Rdd7 43. Bxf5 Rd8 44. Rh3 Re7 45. Ne3 Nf4 46. Rh4 Nd5 0-1

[Event "Early-Titled-Tuesday-Blitz-September-26-2023"]
[Site "Chess.com"]
[Date "2023.09.26"]
[Round "3"]
[White "Mops_2004"]
[Black "IamSchrodingersCat"]
[Result "1-0"]
[WhiteElo "2765"]
[BlackElo "2506"]
[TimeControl "180+1"]
[EndTime "8:28:20 PDT"]
[Termination "Mops_2004 won on time"]

1. g3 Nf6 2. Bg2 g6 3. d4 Bg7 4.
e4 d6 5. Nc3 O-O 6. Nf3 e5 7.
O-O exd4 8. Nxd4 Re8 9. h3 Nbd7 10. Re1 a6 11. Bf4 Rb8 12. g4 Ne5 13. Bg3 h5 14. g5 Nfd7 15. f4 Nc6 16. Nb3 Nb6 17. Rb1 Nc4 18. Qd3 b5 19. a3 Bb7 20.
Kh2 Ba8 21. h4 a5 22. Nd2 Nxd2 23. Qxd2 Nd4 24. Nd1 c5 25. Nf2 b4 26. axb4 axb4 27. c3 bxc3 28. bxc3 Nb5 29. Rbc1 Qc7 30. f5 Be5 31. Bxe5 dxe5 32. Qe3 c4 33. Ra1 Bc6 34.
Re2 Rbd8 35. Rea2 Qd6 36. Ra6 Qd7 37. Bh3 Qc7 38. Qc5 Rd2 39. Kg3 Bb7 40. Qxb5 Red8 41. Ra7 1-0

[Event "Early-Titled-Tuesday-Blitz-September-26-2023"]
[Site "Chess.com"]
[Date "2023.09.26"]
[Round "3"]
[White "GMJustin"]
[Black "epiclord678"]
[Result "0-1"]
[WhiteElo "2224"]
[BlackElo "2415"]
[TimeControl "180+1"]
[EndTime "8:28:20 PDT"]
[Termination "epiclord678 won by checkmate"]

1. e4 c5 2. Nf3 d6 3. d4 cxd4 4. Nxd4 Nf6 5. Nc3 a6 6. Bg5 e6 7.
f4 Be7 8. Qf3 Qc7 9. O-O-O Nbd7 10. g4 b5 11. Bxf6 Nxf6 12. g5 Nd7 13. f5 O-O 14.
Rg1 b4 15. f6 bxc3 16. fxe7 cxb2+ 17. Kb1 Re8 18. h4 Ne5 19. Qf2 Qxe7 20. h5 Bb7 21. Bd3 Rac8 22. Nf3 Nxd3 23. cxd3 d5 24. e5 Qa3 25.
Qxb2 Qa5 26. Ka1 Rb8 27. h6 d4 28. Nxd4 Bd5 29. Qd2 Qa4 30. Ne2 Qa3 31. Rb1 Rb5 32. Nc3 Ra5 33. hxg7 Qxc3+ 34. Qxc3 Rxa2# 0-1

[Event "Early-Titled-Tuesday-Blitz-September-26-2023"]
[Site "Chess.com"]
[Date "2023.09.26"]
[Round "3"]
[White "ajedrezhoy"]
[Black "Elprofessor21"]
[Result "0-1"]
[WhiteElo "2381"]
[BlackElo "2611"]
[TimeControl "180+1"]
[EndTime "8:28:21 PDT"]
[Termination "Elprofessor21 won by checkmate"]

1. c4 Nc6 2. Nc3 Nf6 3. e4 d6 4. g3 e5 5. Bg2 Bg4 6. f3 Be6 7. d3 Qd7 8. Be3 O-O-O 9. Nd5 Kb8 10. Rb1 Be7 11. b4 Nd4 12. Bxd4 exd4 13. Ne2 c5 14.
bxc5 dxc5 15. O-O Nxd5 16. cxd5 Bh3 17. Bxh3 Qxh3 18. Qb3 Qd7 19. Qc4 h5 20. Rb3 Ka8 21.
Rfb1 Rb8 22. a4 h4 23. g4 g6 24. h3 f5 25. Nf4 fxg4 26. fxg4 Rhf8 27. Ne6 Rf3 28. e5 Rg3+ 29. Kf2 Rxh3 30. Qb5 Qc8 31. Kg2 Rg3+ 32. Kh2 Re3 33. Qa5 Bd8 34. Qxc5 Qxc5 35.
Nxc5 Rxe5 36. Nd7 Rxd5 37. Nxb8 Kxb8 38. Rxb7+ Kc8 39. Rxa7 g5 40. Rbb7 Rc5 41. Rh7 Rc2+ 42. Kh3 Bc7 43. a5 Rh2# 0-1

[Event "Early-Titled-Tuesday-Blitz-September-26-2023"]
[Site "Chess.com"]
[Date "2023.09.26"]
[Round "3"]
[White "ellatambien"]
[Black "KaydenTroffChess"]
[Result "1/2-1/2"]
[WhiteElo "2501"]
[BlackElo "2749"]
[TimeControl "180+1"]
[EndTime "8:28:22 PDT"]
[Termination "Game drawn by repetition"]

1. c4 Nf6 2. Nc3 g6 3. e4 e5 4. Nf3 Bg7 5. Nxe5 O-O 6. d3 Nxe4 7. dxe4 Bxe5 8. Bh6 Re8 9. Bd3 c6 10. Qd2 Na6 11.
O-O Nc5 12. Bc2 a5 13. f4 Bh8 14. e5 b5 15. Qf2 Na6 16. Ne4 bxc4 17. Bg5 Qc7 18.
Nf6+ Bxf6 19. Bxf6 Qa7 20. Rad1 Nb4 21. Bb1 Nd5 22. Rd4 Nxf6 23. exf6 Re6 24. f5 Rxf6 25. g4 d5 26. Rfd1 Bd7 27. Qh4 Kg7 28. Kh1 h6 29. g5 hxg5 30. Qxg5 Bxf5 31. Rh4 Re6 32. Bxf5 Qf2 33. Bg4 Re1+ 34. Rxe1 Qxe1+ 35. Kg2 Re8 36.
Qh6+ Kf6 37. Bf3 Re2+ 38. Bxe2 Qxe2+ 39. Kg3 Qe1+ 40. Kf3 Qf1+ 41. Kg3 Qg1+ 42. Kf3 Qf1+ 43. Kg3 Qg1+ 44. Kf3 Qf1+ 1/2-1/2

[Event "Early-Titled-Tuesday-Blitz-September-26-2023"]
[Site "Chess.com"]
[Date "2023.09.26"]
[Round "3"]
[White "wild3000"]
[Black "tandaleo"]
[Result "0-1"]
[WhiteElo "2313"]
[BlackElo "2508"]
[TimeControl "180+1"]
[EndTime "8:28:22 PDT"]
[Termination "tandaleo won by resignation"]

1. d4 Nf6 2. g3 h5 3. h3 h4 4. g4 e6 5. Bg2 d5 6. Nf3 Bd6 7. c4 c6 8. Nc3 Nbd7 9. Bg5 dxc4 10. e4 e5 11. O-O Qc7 12. d5 cxd5 13. Nb5 Qb6 14. Nxd6+ Qxd6 15. exd5 Qxd5 16. Qe2 Qd3 17. Rfe1 Qxe2 18. Rxe2 O-O 19. Nxe5 Nxe5 20. Rxe5 Be6 21.
Bxh4 Rfd8 22. g5 Nd7 23. Rb5 a6 24. Rxb7 Rab8 25. g6 Rxb7 26. gxf7+ Kxf7 27. Bxb7 Rb8 28. Bxa6 Rxb2 29. a4 Nc5 30. Bb5 c3 31. Bg5 c2 32.
Rc1 Nb3 33. Rf1 Rb1 34. Bd3 Rxf1+ 35. Kxf1 c1=Q+ 36. Bxc1 Nxc1 37. Bb5 Bxh3+ 38. Ke1 Nb3 39. Ke2 Nd4+ 40. Ke3 Nxb5 41. axb5 Ke7 42. Kf4 g6 43.
Ke5 Kd7 44. Kd5 Kc7 45. Kc5 Kb7 46. f4 Bf5 47. Kc4 Kb6 48. Kb4 Bd3 49. Kc3 Bxb5 50.
Kd4 Bd7 51. Kd5 Bf5 52. Kd4 Kb5 53. Kd5 Kb4 54. Kd4 Kb3 55. Ke3 Kc3 56. Ke2 Kd4 57.
Kf3 Kd3 58. Kg3 Ke4 59. Kf2 Kxf4 60. Kg2 g5 0-1

[Event "Early-Titled-Tuesday-Blitz-September-26-2023"]
[Site "Chess.com"]
[Date "2023.09.26"]
[Round "3"]
[White "Doomfist26"]
[Black "jup1978"]
[Result "1/2-1/2"]
[WhiteElo "2613"]
[BlackElo "2427"]
[TimeControl "180+1"]
[EndTime "8:28:24 PDT"]
[Termination "Game drawn by repetition"]

1. e4 e6 2. d4 d5 3. Nc3 Bb4 4. Qd3 dxe4 5. Qxe4 Nf6 6. Qh4 Nc6 7.
Nf3 Qd5 8. Bd3 Qh5 9. Qg3 Qg4 10. Qxg4 Nxg4 11. Bf4 Bd6 12. Bxd6 cxd6 13. d5 Nce5 14.
Bb5+ Bd7 15. dxe6 fxe6 16. Nxe5 Nxe5 17. O-O-O Ke7 18. Rhe1 Nc6 19. Ne4 d5 20. Nc5 a6 21.
Rxd5 Bc8 22. Bxc6 bxc6 23. Rde5 Kf6 24. f4 Rb8 25. Nxe6 h6 26. Nd4 Bd7 27. Nxc6 Bxc6 28. Re6+ Kf5 29. Rxc6 Kxf4 30. Rxa6 Rhe8 31. Rf1+ Kg5 32.
b3 Re2 33. Rg1 Rc8 34. c4 Rf8 35. Rd6 Rff2 36. Ra6 Rc2+ 37. Kd1 Rfd2+ 38. Ke1 Re2+ 39. Kd1 Red2+ 40. Ke1 Re2+ 41. Kd1 Red2+ 1/2-1/2

[Event "Early-Titled-Tuesday-Blitz-September-26-2023"]
[Site "Chess.com"]
[Date "2023.09.26"]
[Round "3"]
[White "kleopl"]
[Black "Jagerrmeisterr"]
[Result "0-1"]
[WhiteElo "2473"]
[BlackElo "2697"]
[TimeControl "180+1"]
[EndTime "8:28:25 PDT"]
[Termination "Jagerrmeisterr won by resignation"]

1. e4 c6 2. Nc3 d5 3. Qe2 d4 4.
Nd1 c5 5. f4 Nc6 6. Nf3 Bg4 7.
d3 e5 8. Nf2 Bxf3 9. Qxf3 exf4 10. Bxf4 Bd6 11. g3 Nge7 12. Bh3 Ng6 13. O-O Nce5 14.
Qe2 Qc7 15. a4 O-O 16. Kh1 Rae8 17. Bf5 Ne7 18. Bh3 N7c6 19. b3 a6 20. Qh5 Ng6 21.
Bxd6 Qxd6 22. Bf5 Nce5 23. Ng4 Nxg4 24. Qxg4 Ne5 25. Qh3 g6 26. Bg4 Kg7 27. Rf4 h5 28. Be2 Qe6 29. Qxe6 fxe6 30. Raf1 b5 31. axb5 axb5 32.
Rxf8 Rxf8 33. Rxf8 Kxf8 34. Kg2 Ke7 35. h3 Kd6 36. g4 h4 37. Bf1 g5 38. Be2 Kc6 39. Kf2 Kb6 40. Ke1 Ka5 41. Kd2 Kb4 42. Bd1 Ng6 43. Be2 Nf4 44. Bf1 e5 45. Kd1 Kc3 46.
Kc1 Ne6 47. Kd1 Nd8 48. Kc1 Nc6 49. Kd1 Nb4 0-1

[Event "Early-Titled-Tuesday-Blitz-September-26-2023"]
[Site "Chess.com"]
[Date "2023.09.26"]
[Round "3"]
[White "DanielTitichoca"]
[Black "ferdipy"]
[Result "0-1"]
[WhiteElo "2555"]
[BlackElo "2287"]
[TimeControl "180+1"]
[EndTime "8:28:26 PDT"]
[Termination "ferdipy won on time"]

1. b3 d6 2. Bb2 e5 3. g3 Nc6 4.
Bg2 g6 5. f4 Bg7 6. Nh3 Nge7 7.
O-O O-O 8. c4 Bg4 9. Nf2 Be6 10.
d3 exf4 11. Bxg7 Kxg7 12. gxf4 d5 13. e3 dxc4 14. bxc4 Qd6 15. Ne4 Qb4 16. Nbc3 Rad8 17. Rb1 Qa5 18. Rxb7 Bxc4 19. Qa1 Rxd3 20. Nd5+ Kh6 21.
Nxe7 Nxe7 22. Rf3 Be6 23. Ng5 Bg4 24. Rg3 Rd1+ 25. Qxd1 Bxd1 26. Rh3+ Bh5 27. Be4 Qe1+ 28. Kg2 Qe2+ 29. Kg1 Nf5 30. Bxf5 gxf5 31. Rxc7 Qe1+ 32.
Kg2 Qd2+ 33. Kg1 Qd5 34. Rxa7 f6 35. Nf3 Rg8+ 36. Kf2 Rg7 37. Ra6 Qe4 0-1

[Event "Early-Titled-Tuesday-Blitz-September-26-2023"]
[Site "Chess.com"]
[Date "2023.09.26"]
[Round "3"]
[White "Sinquefield"]
[Black "RobertoJBM"]
[Result "1/2-1/2"]
[WhiteElo "2527"]
[BlackElo "2834"]
[TimeControl "180+1"]
[EndTime "8:28:27 PDT"]
[Termination "Game drawn by repetition"]

1. d4 d5 2. Nf3 Nf6 3. c3 Bf5 4. Qb3 Qc8 5. Bf4 e6 6. h3 h6 7.
Nbd2 Bd6 8. Bxd6 cxd6 9. e3 O-O 10. Be2 Nc6 11. O-O Qd7 12. Rac1 Rfc8 13. c4 dxc4 14. Nxc4 Be4 15. Qa3 Rd8 16. b4 Ne7 17. Nfd2 Bd5 18. Bf3 Bxf3 19. Nxf3 Nfd5 20. e4 Nb6 21.
Ne3 Ng6 22. g3 e5 23. Kg2 exd4 24. Nxd4 d5 25. Rfd1 Qe8 26. exd5 Nxd5 27. Nxd5 Rxd5 28. Qf3 Rad8 29. Nb3 Ne5 30. Qxd5 Rxd5 31. Rxd5 Qe6 32.
Rcd1 Nc6 33. b5 Nb4 34. Rd8+ Kh7 35. R1d2 Nxa2 36. Rxa2 Qxb3 37. Rxa7 Qxb5 38. Rb8 Qd5+ 39. Kg1 Qd1+ 40. Kg2 Qd5+ 41. Kg1 Qd1+ 42. Kg2 Qd5+ 1/2-1/2